Map: [ESL] Alcyone

Players

Astrea - Winner!

  • Race: Protoss Protoss
  • Spawn Location: 7:00

MaSa

  • Race: Terran Terran
  • Spawn Location: 1:00

Event: ESL SC2 Masters 2023 Winter (Regional)

VOD

Have the link to the VOD?

Description

Time

  • Played on: Nov. 4, 2023, 1:29 p.m.
  • Length: 4:51

All games in this series

Show
View Real Time Build Order
Export as new Build Order

Astrea Protoss - Winner!

Build Orders: 1 Gate Expand 

Get SALT Encoding   

  12  0:00  Probe  
  13  0:12  Probe  
  14  0:17  Pylon  
  14  0:24  Probe (Chrono Boost)  
  16  0:36  Gateway  
  16  0:37  Probe (Chrono Boost)  
  16  0:42  Probe (Chrono Boost)  
  16  0:46  Assimilator  
  17  0:51  Probe  
  18  1:03  Probe  
  19  1:15  Probe  
  20  1:23  Cybernetics Core  
  20  1:32  Nexus  
  22  1:45  Pylon  
  22  1:50  Probe  
  22  1:54  Assimilator  
  23  1:57  Stalker (Chrono Boost)  
  23  2:03  Probe  
  24  2:15  Probe  
  24  2:27  Probe  
  24  2:29  Warp Gate (Chrono Boost)  
  25  2:39  Probe  
  25  2:41  Stalker (Chrono Boost)  
  28  2:46  Probe  
  28  2:47  Gateway  
  28  2:48  Shield Battery  
  29  2:52  Probe  
  29  2:58  Probe  
  29  3:04  Stalker (Chrono Boost)  
  30  3:07  Probe  
  30  3:11  Probe  
  34  3:19  Probe  
  35  3:21  Robotics Facility  
  35  3:35  Stalker  
  35  3:38  Stalker  
  35  3:40  Probe x2  
  41  3:48  Pylon  
  41  3:52  Probe  
  42  3:57  Probe  
  42  3:58  Pylon  
  43  4:05  Immortal (Chrono Boost)  
  47  4:15  Stalker  
  49  4:22  Stalker  
  45  4:39  Stalker  
  51  4:48  Stalker  
Show
View Real Time Build Order
Export as new Build Order

MaSa Terran 

Build Orders: 2 Factory, Hellion Opening 

Get SALT Encoding   

  12  0:00  SCV  
  13  0:14  Supply Depot  
  13  0:17  SCV  
  14  0:29  SCV  
  15  0:37  Barracks  
  15  0:42  SCV  
  16  0:46  Refinery  
  16  0:53  Refinery  
  16  0:56  SCV  
  17  1:08  SCV  
  18  1:24  Orbital Command, Reaper  
  19  1:39  Supply Depot  
  19  1:45  Factory  
  19  1:50  SCV  
  20  2:05  Factory  
  20  2:07  SCV  
  21  2:17  Barracks Reactor  
  21  2:19  SCV  
  22  2:29  Hellion  
  24  2:33  Supply Depot  
  24  2:34  SCV  
  25  2:51  Hellion  
  27  2:57  Hellion x2  
  31  2:59  Barracks Tech Lab  
  31  3:04  Armory  
  31  3:15  Supply Depot  
  31  3:18  Hellion  
  33  3:21  Marauder  
  33  3:23  Concussive Shells  
  35  3:28  Hellion  
  35  3:33  Hellion  
  39  3:42  Marauder  
  39  3:47  Hellion  
  43  3:49  Hellion  
  45  4:00  Hellion  
  47  4:20  Hellion  
  47  4:23  Marauder  
  47  4:29  Hellion x2  
Tags
 
Add a new tag
Caveats
  • Supply blocks, unpowered buildings, or Contaminate may cause inaccurate times.
  • Supply counts are checked every 10 seconds.